 Dungeon Crawl Stone Soup version 0.20-a0-738-gb057e68 (webtiles) character file.

1335 krabocopter the Basher (level 8, -3/51 HPs)
             Began as a Gargoyle Fighter on Feb 23, 2017.
             Was a Follower of Wu Jian.
             Slain by a two-headed ogre
             ... wielding a +0 giant club
              (7 damage)
             ... on level 7 of the Dungeon.
             The game lasted 00:15:03 (5853 turns).

krabocopter the Basher (Gargoyle Fighter)           Turns: 5853, Time: 00:15:04

Health: -3/51      AC: 20    Str: 19    XL:     8   Next: 61%
Magic:  8/8        EV:  8    Int: 15    God:    Wu Jian [*.....]
Gold:   419        SH:  9    Dex: 11    Spells: 7/7 levels left

rFire    + . .     SeeInvis .   j - +1 mace (protect)
rCold    + . .     Gourm    +   C - +0 ring mail {rF+}
rNeg     + . .     Faith    .   c - +0 shield
rPois    ∞         Spirit   .   (helmet restricted)
rElec    +         Reflect  .   (no cloak)
rCorr    .         Harm     .   (no gloves)
MR       .....     Clarity  +   (no boots)
Stlth    +.........             z - amulet of the gourmand
Regen    0.2/turn               (no ring)
MPRegen  0.2/turn               D - ring of protection from cold

@: brilliant, protection aura
A: beak, slimy green scales 1, clarity, negative energy resistance 1,
electricity resistance, unbreathing, petrification resistance, rot immunity, AC
+5
a: Renounce Religion


You were on level 7 of the Dungeon.
You worshipped Wu Jian.
Wu Jian was aware of your devotion.
You were very full.

You visited 2 branches of the dungeon, and saw 8 of its levels.

You collected 419 gold pieces.

Inventory:

Hand Weapons
 j - a +1 mace of protection (weapon)
 A - a +2 whip of electrocution
Missiles
 E - 5 tomahawks of returning (quivered)
Armour
 c - a +0 shield (worn)
 y - a +0 helmet
 C - a +0 ring mail of fire resistance (worn)
Magical Staves
 u - an uncursed staff of power
Jewellery
 z - an amulet of the gourmand (around neck)
 D - a ring of protection from cold (left hand)
Wands
 q - a wand of digging (16/24)
Scrolls
 d - 2 scrolls of fog {unknown}
 e - 4 scrolls of teleportation
 h - 5 scrolls of identify
 n - a scroll of blinking {unknown}
 r - 2 scrolls of enchant weapon {unknown}
 t - 4 scrolls of remove curse
 w - 4 scrolls of immolation {unknown}
 x - a scroll of noise {unknown}
Potions
 a - a potion of lignification {unknown}
 l - 2 potions of resistance
 o - 2 potions of brilliance
 p - 2 potions of mutation
 s - 3 potions of curing
 v - a potion of invisibility {unknown}
 B - a potion of haste {unknown}
Comestibles
 f - 4 bread rations
 g - 2 meat rations
 k - 2 royal jellies
 m - 8 fruits


   Skills:
 - Level 6.0 Fighting
 * Level 8.8 Maces & Flails
 + Level 4.7 Armour
 - Level 3.2 Shields


You had 7 spell levels left.
You didn't know any spells.

Dungeon Overview and Level Annotations

Branches:
Dungeon (7/15)             Temple (1/1) D:5

Altars:
Ashenzari
Cheibriados
Dithmenos
Gozag
Kikubaaqudgha
Makhleb
Okawaru
Qazlal
Ru
Sif Muna
Trog
Uskayaw
Vehumet
Wu Jian
Yredelemnul
Zin
The Shining One


Innate Abilities, Weirdness & Mutations

You are resistant to torment.
Your stone body is resilient. (AC +5)
You are immune to poison.
You resist negative energy. (rN+)
You are resistant to electric shocks. (rElec)
You can survive without breathing.
You are immune to petrification.
You are immune to rotting.
You have a beak for a mouth.
You are partially covered in slimy green scales. (AC +2)
You possess an exceptional clarity of mind.


Message History

You take 5 damage, and have 3/45 hp.
You hit the two-headed ogre. You block the quokka's attack.
The two-headed ogre closely misses you. x2
It was a potion of brilliance.
You feel clever all of a sudden.
The sentinel's mark upon you fades away.
The quokka bites you but does no damage.
The quokka barely misses you. The two-headed ogre closely misses you.
You block the two-headed ogre's attack.
It was a potion of mutation.
You feel extremely strange.
You feel robust.
Slimy green scales grow over part of your body.
Your thoughts seem clearer.
Your mouth lengthens and hardens into a beak!
Your +0 helmet falls away!
The quokka closely misses you.
A sky beast appears from thin air!
Reactivating autopickup.
You barely miss the two-headed ogre.
The two-headed ogre hits you with a giant club!
You die...

#...............#
#.####..##.####.# # #.#
#.....# #.# #. #.# #.[####
#.# ##.##.# #..# #.#
####.....# #..#######.###
.........# #............#
.###..##.####yZ######....##
..... #Yr@OFyya..........#
.###. #######y###.##......
#. #.# #.###....# #.
#.###.###..... ###"
#O#.....[....# .).
#.#.#.#####.##
#.#########...........#
#......O......#.##.####
%......###......####.##.#


You could see a two-headed ogre, a sky beast, a bullfrog, a worker ant, 4 killer
bees, a quokka and a hound skeleton.

Vanquished Creatures
  A black bear (D:6)
  3 sky beasts
  An ogre (D:4)
  2 bullfrogs (D:6)
  2 scorpions
  2 howler monkeys
  2 crimson imps (D:6)
  A centaur zombie (D:6)
  A hound (D:5)
  An orc priest (D:6)
  3 orc wizards
  3 worker ants
  A hound skeleton (D:4)
  Robin (D:4)
  4 gnolls (D:5)
  6 adders
  A shadow imp (D:5)
  An ooze (D:4)
  An adder zombie (D:5)
  2 adder skeletons (D:4)
  2 worms
  4 dart slugs (D:1)
  8 leopard geckos
  9 orcs
  2 ball pythons
  7 bats
  4 giant cockroaches
  10 goblins
  10 hobgoblins
  5 jackals
  6 kobolds
  3 quokkas
  4 frilled lizards
  A jackal skeleton (D:6)
  A leopard gecko skeleton (D:6)
  A quokka skeleton (D:6)
  10 rats
  A bush (D:1)
127 creatures vanquished.

Notes
Turn   | Place    | Note
-------+----------+-------------------------------------------
     0 | D:1      | krabocopter the Gargoyle Fighter began the quest for the Orb.
     0 | D:1      | Reached XP level 1. HP: 14/14 MP: 1/1
   108 | D:1      | Reached XP level 2. HP: 19/19 MP: 2/2
   199 | D:1      | Reached skill level 3 in Maces & Flails
   447 | D:1      | Reached XP level 3. HP: 22/23 MP: 3/3
  2142 | D:2      | Reached XP level 4. HP: 27/29 MP: 4/4
  2447 | D:3      | Found a radiant altar of Vehumet.
  2463 | D:3      | Reached skill level 4 in Maces & Flails
  2474 | D:3      | Found a hide-covered altar of Uskayaw.
  2653 | D:3      | Found a glowing golden altar of the Shining One.
  2923 | D:3      | Reached XP level 5. HP: 29/33 MP: 5/5
  3260 | D:4      | Noticed a sky beast
  3308 | D:4      | Killed a sky beast
  3308 | D:4      | Reached skill level 5 in Maces & Flails
  3308 | D:4      | Reached XP level 6. HP: 21/39 MP: 6/6
  3448 | D:4      | Noticed Robin
  3460 | D:4      | Killed Robin
  3564 | D:4      | Reached skill level 5 in Fighting
  3588 | D:4      | Reached skill level 6 in Maces & Flails
  3647 | D:4      | Found a glowing golden altar of the Shining One.
  3670 | D:4      | Found a deep blue altar of Sif Muna.
  3758 | D:4      | Found an opulent altar of Gozag.
  3993 | D:5      | Entered Level 5 of the Dungeon
  3993 | D:5      | Found a staircase to the Ecumenical Temple.
  4002 | Temple   | Entered the Ecumenical Temple
  4219 | Temple   | Became a worshipper of the Wu Jian Council
  4277 | D:5      | Reached XP level 7. HP: 33/44 MP: 7/7
  4746 | D:5      | Reached skill level 7 in Maces & Flails
  5081 | D:6      | Reached XP level 8. HP: 49/51 MP: 8/8
  5127 | D:6      | Reached * piety under Wu Jian
  5248 | D:6      | Reached skill level 8 in Maces & Flails
  5460 | D:6      | Gained mutation: You are frail. (-10% HP) [mutagenic meat]
  5641 | D:7      | Found a basalt altar of Yredelemnul.
  5808 | D:7      | Noticed a two-headed ogre
  5852 | D:7      | Lost mutation: You are frail. (-10% HP) [potion of mutation]
  5852 | D:7      | Gained mutation: You are partially covered in slimy green scales. (AC +2) [potion of mutation]
  5852 | D:7      | Gained mutation: You possess an exceptional clarity of mind. [potion of mutation]
  5852 | D:7      | Gained mutation: You have a beak for a mouth. [potion of mutation]
  5853 | D:7      | Slain by a two-headed ogre

Vault maps used:
D:1:      dpeg_arrival_leaves_temple_mockup, serial_forest,
          infiniplex_forest_lined_room_2, infiniplex_forest_lined_1,
          infiniplex_forest_straight_3, infiniplex_forest_corner_2,
          infiniplex_forest_end_3, infiniplex_forest_side_room,
          infiniplex_forest_clump_long
D:2:      serial_forest, infiniplex_forest_clump_double,
          infiniplex_forest_straight_2, infiniplex_forest_clump_small,
          infiniplex_forest_straight_2, infiniplex_forest_zigzag_2,
          infiniplex_forest_end_1, infiniplex_forest_end_3,
          infiniplex_forest_clump_medium, infiniplex_forest_end_double
D:3:      eat_drink_and_be_merry_uskayaw, old_standard_altar, tso_oasis_becter
D:4:      nicolae_gozag_cash_rules_everything_around_me,
          overflow_temple_1_default, tso_metal_star, uniq_robin
D:5:      minmay_temple_entry_overgrown, first_bread
D:7:      lemuel_round_altar, elyvilon_altar_1
Temple:   minmay_temple_curvy_loop

Skill      XL: |  1  2  3  4  5  6  7  8 |
---------------+-------------------------+-----
Maces & Flails | 3 4 5 6 7 8 |  8.8
Fighting       | 4 5 6 |  6.0
Armour         | 4 |  4.7
Shields        | |  3.2

Action                   |  1- 3 |  4- 6 |  7- 9 || total
-------------------------+-------+-------+-------++-------
Melee: Flail             |   111 |       |       ||   111
       Mace              |    74 |   255 |   213 ||   542
  Use: Scroll            |       |     4 |       ||     4
       Potion            |       |     2 |     6 ||     8
  Eat: Chunk             |     4 |     6 |    18 ||    28
Armor: Scale mail        |    63 |   137 |   109 ||   309
       Ring mail         |       |       |    18 ||    18
Dodge: Dodged            |    35 |    75 |    57 ||   167
Block: Shield            |    75 |   125 |    94 ||   294
